 Dungeon Sprint DCSS version 0.19-a0-1490-g5dd3618 (webtiles) character file.

18933 poirepourri the Ninja (level 12, -44/49 (51) HPs)
             Began as a Spriggan Enchanter on Sept 8, 2016.
             Was the Champion of Dithmenos.
             Killed from afar by a fire giant (45 damage)
             ... with a fireball
             ... in the Dungeon (Sprint I: "Red Sonja").
             The game lasted 00:10:23 (3363 turns).

poirepourri the Ninja (Spriggan Enchanter)          Turns: 3363, Time: 00:10:24

HP:   -44/49 (51)   AC: 10    Str:  4    XL:     12   Next: 32%
MP:   28/34         EV: 31    Int: 16    God:    Dithmenos [******]
Gold: 663           SH:  0    Dex: 22    Spells: 10 memorised, 15 levels left

rFire  . . .     SeeInvis +     a - +2 dagger
rCold  + . .     Gourm    .     n - +5 robe of Night {Dark MR+ SInv}
rNeg   . . .     Faith    .     (shield restricted)
rPois  .         Spirit   .     (helmet restricted)
rElec  .         Dismiss  .     r - +2 cloak of Heresy {rC+}
rCorr  .         Reflect  .     (gloves unavailable)
MR     +++..     Harm     .     (boots unavailable)
Stlth  ++++++++++ NoTele   +    (no amulet)
                                (no ring)
                                t - +3 ring of slaying

@: wreathed by umbra, very quick
A: unfitting armour, see invisible, herbivore 3, speed 3, slow metabolism 2
a: Shadow Step, Shadow Form, Renounce Religion


You were in the Dungeon.
You worshipped Dithmenos.
Dithmenos was exalted by your worship.
You were full.

You visited 1 branch You collected 1830 gold pieces.
You spent 1167 gold pieces at shops.

Inventory:

Hand Weapons
 a - a +2 dagger (weapon)
 l - a +0 blowgun
 q - a +0 shortbow of flaming
Missiles
 m - 9 curare-tipped needles
 o - 34 arrows
Armour
 b - a +1 robe
 n - the +5 robe of Night (worn) {Dark MR+ SInv}
   (You bought it in a shop in the Dungeon)

   It affects your resistance to hostile enchantments.
   It lets you see invisible.
 r - the +2 cloak of Heresy (worn) {rC+}
   (You bought it in a shop in the Dungeon)

   It protects you from cold.
 s - a cursed +0 buckler
Jewellery
 t - a +3 ring of slaying (left hand)
Scrolls
 d - a scroll of remove curse {unknown}
 j - a scroll of blinking
 k - 4 scrolls of fear
Potions
 e - 5 potions of curing
 g - a potion of haste
 h - 2 potions of magic
 i - a potion of berserk rage
 p - a potion of ambrosia {unknown}
Books
 c - a book of Maledictions

   Spells                             Type                      Level
   a - Corona                         Hexes                        1
   b - Ensorcelled Hibernation        Hexes/Ice                    2
   c - Confuse                        Hexes                        3
   d - Tukima's Dance                 Hexes                        3
   e - Dazzling Spray                 Conjuration/Hexes            3
 f - a book of Misfortune

   Spells                             Type                      Level
   a - Confusing Touch                Hexes                        1
   b - Confuse                        Hexes                        3
   c - Gell's Gravitas                Hexes/Translocation          3
   d - Petrify                        Transmutation/Earth          4
   e - Metabolic Englaciation         Hexes/Ice                    5
   f - Yara's Violent Unravelling     Hexes/Transmutation          5
Miscellaneous
 u - a crystal ball of energy


   Skills:
 + Level 7.9 Short Blades
 + Level 12.7 Dodging
 O Level 27 Stealth
 + Level 17.2 Spellcasting
 + Level 17.9 Hexes
 - Level 1.8 Transmutations
 - Level 4.4 Ice Magic


You had 15 spell levels left.
You knew the following spells:

 Your Spells              Type           Power        Failure   Level  Hunger
a - Corona                Hex            ######.      0%          1    None
b - Ensorcelled Hibernat  Hex/Ice        #####.       1%          2    None
c - Confuse               Hex            ######..     0%          3    None
d - Tukima's Dance        Hex            ######..     0%          3    None
e - Dazzling Spray        Conj/Hex       #####.       1%          3    None
f - Confusing Touch       Hex            ######       0%          1    None
g - Gell's Gravitas       Hex/Tloc       #####.....   1%          3    None
h - Petrify               Tmut/Erth      ###.....     34%         4    None
i - Metabolic Englaciati  Hex/Ice        #####.....   1%          5    ####...
j - Yara's Violent Unrav  Hex/Tmut       #####.....   1%          5    ####...


Dungeon Overview and Level Annotations

Branches:
Dungeon (1/1)

Altars:
Cheibriados
Dithmenos
Elyvilon
Fedhas
Gozag
Hepliaklqana
Kikubaaqudgha
Makhleb
Nemelex Xobeh
Okawaru
Qazlal
Ru
Sif Muna
Trog
Uskayaw
Vehumet
Xom
Yredelemnul
Zin
The Shining One
Jiyva
Lugonu

Shops:
D *}}*[=:[([[(*([:[*[[:


Innate Abilities, Weirdness & Mutations

You are tiny and cannot use many weapons and most armour.
You have supernaturally acute eyesight. (SInv)
You are a herbivore.
You cover ground extremely quickly.
You need consume almost no food.


Message History

The fire giant resists with almost no effort.
Your shadow mimicks your spell!
The fire giant resists with almost no effort.
The fire giant gestures at you while chanting.
The fireball explodes!
The fireball engulfs you!
Ouch! That really hurt!
* * * LOW HITPOINT WARNING * * *
You emit a cloud of dark smoke.
You hear a shout!
Okay, then.
Casting: Ensorcelled Hibernation
Confirm with . or Enter, or press ? or * to list all spells.
Aiming: Ensorcelled Hibernation
Press: ? - help, Shift-Dir - straight line, f/p - fire giant
Aim: a fire giant, wielding a great sword of flaming (umbra, chance to defeat MR: 22%)
The fire giant resists with almost no effort.
The fire giant casts a spell at you.
The fireball explodes!
The fireball engulfs you!
Ouch! That really hurt!
You die...

##..§§#
###§#...##§.#
$§§§# ##+####
#§##...#..#
§$$§# #
#..###.#..≈
#+# #
##§#A#.#..≈
### #..###.#
'.# #.##...#
#.# #..#+###
#§# ##.§§# #§#
###@# #§# #§#
§§# #.# #.#
####'# #§#
###..C.# +§#
[$#####§§.####
###
.C..§§§§###
....##### .C.


You could see a fire giant.

Vanquished Creatures
  2 fire giants (D)
  A hydra (D)
  2 centaur warriors (D)
  Sonja (D)
  A deep troll (D)
  7 unseen horrors (D)
  A lindwurm (D)
  An oklob plant (D)
  8 shining eyes (D)
  2 kobold demonologists (D)
  4 demonic crawlers (D)
  A slime creature (D)
  Sigmund (D)
  2 redbacks (D)
  13 hogs (D)
  A yak (D)
  7 giant eyeballs (D)
  7 necrophages (D)
  A wasp (D)
  An ogre (D)
  8 jellies (D)
  Ijyb (D)
  A ballistomycete (D)
  2 giant spores (D)
76 creatures vanquished.

Vanquished Creatures (others)
  A gargoyle (D)
1 creature vanquished.

Grand Total: 77 creatures vanquished

Notes
Turn   | Place    | Note
-------+----------+-------------------------------------------
     0 | D        | poirepourri the Spriggan Enchanter began the quest for the Orb.
     0 | D        | Reached XP level 1. HP: 9/9 MP: 5/5
     3 | D        | Noticed Ijyb
     9 | D        | Killed Ijyb
     9 | D        | Reached skill level 6 in Stealth
     9 | D        | Reached skill level 5 in Hexes
     9 | D        | Reached XP level 2. HP: 11/13 MP: 5/7
    85 | D        | Learned a level 2 spell: Ensorcelled Hibernation
    86 | D        | Noticed an ogre
    89 | D        | Killed an ogre
    89 | D        | Reached skill level 9 in Stealth
    89 | D        | Reached XP level 3. HP: 16/16 MP: 8/10
    89 | D        | Reached XP level 4. HP: 21/21 MP: 8/11
   121 | D        | Learned a level 3 spell: Confuse
   125 | D        | Learned a level 3 spell: Tukima's Dance
   129 | D        | Learned a level 3 spell: Dazzling Spray
   130 | D        | Noticed Sigmund
   134 | D        | Killed Sigmund
   134 | D        | Reached skill level 5 in Dodging
   134 | D        | Reached skill level 12 in Stealth
   134 | D        | Reached XP level 5. HP: 24/24 MP: 9/14
   134 | D        | Reached XP level 6. HP: 28/28 MP: 10/16
   217 | D        | Found a deep blue altar of Sif Muna.
   219 | D        | Found a radiant altar of Vehumet.
   345 | D        | Found Neozoc's General Store.
   345 | D        | Found an ancient bone altar of Kikubaaqudgha.
   345 | D        | Found a hazy altar of Hepliaklqana.
   345 | D        | Found a stormy altar of Qazlal.
   345 | D        | Found a hide-covered altar of Uskayaw.
   345 | D        | Found a blossoming altar of Fedhas.
   345 | D        | Found a bloodstained altar of Trog.
   345 | D        | Found an iron altar of Okawaru.
   345 | D        | Found a basalt altar of Yredelemnul.
   345 | D        | Found a glowing golden altar of the Shining One.
   345 | D        | Found a snail-covered altar of Cheibriados.
   345 | D        | Found a sacrificial altar of Ru.
   345 | D        | Found a glowing silver altar of Zin.
   345 | D        | Found a shadowy altar of Dithmenos.
   345 | D        | Found a white marble altar of Elyvilon.
   345 | D        | Noticed a yak
   346 | D        | Found an opulent altar of Gozag.
   347 | D        | Killed a yak
   347 | D        | Reached skill level 13 in Stealth
   347 | D        | Reached skill level 10 in Hexes
   347 | D        | Reached skill level 1 in Ice Magic
   348 | D        | Found a sparkling altar of Nemelex Xobeh.
   356 | D        | Became a worshipper of Dithmenos the Shadowed
   382 | D        | Found a burning altar of Makhleb.
   382 | D        | Found a viscous altar of Jiyva.
   382 | D        | Found a shimmering altar of Xom.
   382 | D        | Found a corrupted altar of Lugonu.
   382 | D        | Noticed a slime creature
   385 | D        | Killed a slime creature
   385 | D        | Reached skill level 14 in Stealth
   385 | D        | Reached XP level 7. HP: 32/32 MP: 19/19
   423 | D        | Noticed Sonja
   427 | D        | Killed Sonja
   427 | D        | Reached skill level 17 in Stealth
   427 | D        | Reached XP level 8. HP: 36/36 MP: 19/21
   442 | D        | Noticed a deep troll
   446 | D        | Killed a deep troll
   446 | D        | Reached * piety under Dithmenos
   446 | D        | Reached skill level 18 in Stealth
   458 | D        | Found Jeuled's Armour Emporium.
   481 | D        | Noticed a centaur warrior
   481 | D        | Noticed a centaur warrior
   499 | D        | Killed a centaur warrior
   499 | D        | Reached skill level 19 in Stealth
   499 | D        | Reached skill level 10 in Spellcasting
   499 | D        | Reached XP level 9. HP: 39/39 MP: 16/24
   517 | D        | Killed a centaur warrior
   517 | D        | Reached skill level 20 in Stealth
   602 | D        | Reached ** piety under Dithmenos
   645 | D        | Noticed an oklob plant
   647 | D        | Killed an oklob plant
   647 | D        | Reached skill level 5 in Short Blades
   647 | D        | Reached skill level 21 in Stealth
   732 | D        | Noticed an unseen horror
   733 | D        | Noticed an unseen horror
   742 | D        | Killed an unseen horror
   742 | D        | Reached *** piety under Dithmenos
   742 | D        | Reached skill level 22 in Stealth
   742 | D        | Reached XP level 10. HP: 44/44 MP: 22/26
   745 | D        | Killed an unseen horror
   847 | D        | Reached **** piety under Dithmenos
   974 | D        | Reached ***** piety under Dithmenos
   979 | D        | Reached skill level 10 in Dodging
  1043 | D        | Reached skill level 23 in Stealth
  1246 | D        | Found Jaobef's Armour Shoppe.
  1246 | D        | Found Pacri's Book Shop.
  1246 | D        | Found Peemed's Antique Weapon Boutique.
  1248 | D        | Found Xuuh's Armour Emporium.
  1248 | D        | Found Foas's Antique Armour Shop.
  1248 | D        | Found Beavin's Weapon Shoppe.
  1248 | D        | Found Vozeivuck's General Store.
  1248 | D        | Found Vekhlo Xairo's Weapon Emporium.
  1248 | D        | Found Tifin's Armour Shop.
  1248 | D        | Found Acimimul's Book Shoppe.
  1252 | D        | Bought a book of Misfortune for 260 gold pieces
  1253 | D        | Found Muni's Armour Boutique.
  1254 | D        | Found Erevew's Armour Emporium.
  1254 | D        | Found Aqaxzeim's Assorted Antiques.
  1259 | D        | Found Nuzit's Book Emporium.
  1268 | D        | Bought the +5 robe of Night {Dark MR+ SInv} for 467 gold pieces
  1292 | D        | Bought the +2 cloak of Heresy {rC+} for 285 gold pieces
  1292 | D        | Bought a cursed +0 buckler for 15 gold pieces
  1851 | D        | Found Faev's Assorted Antiques.
  1857 | D        | Bought a marble ring for 140 gold pieces
  1864 | D        | Killed a gargoyle
  1965 | D        | Noticed a shining eye
  1965 | D        | Noticed a shining eye
  1965 | D        | Noticed a shining eye
  1965 | D        | Noticed a shining eye
  1967 | D        | Noticed a shining eye
  1967 | D        | Noticed a shining eye
  1971 | D        | Killed a shining eye
  1973 | D        | Noticed a shining eye
  1974 | D        | Killed a shining eye
  1974 | D        | Reached ****** piety under Dithmenos
  1977 | D        | Killed a shining eye
  1977 | D        | Reached skill level 15 in Hexes
  1980 | D        | Killed a shining eye
  1982 | D        | Reached skill level 24 in Stealth
  1983 | D        | Paralysed by a giant eyeball for 4 turns
  1994 | D        | Noticed a shining eye
  2000 | D        | Killed a shining eye
  2000 | D        | Reached XP level 11. HP: 45/45 MP: 24/29
  2002 | D        | Killed a shining eye
  2005 | D        | Killed a shining eye
  2012 | D        | Killed a shining eye
  2060 | D        | Found Ijigup's Antique Armour Shop.
  2060 | D        | Found Jipiruw's Gadget Shoppe.
  2060 | D        | Found Jujuos's Jewellery Boutique.
  2060 | D        | Found Qeakuyg's Gadget Emporium.
  2118 | D        | Reached skill level 25 in Stealth
  2118 | D        | Paralysed by a giant eyeball for 4 turns
  2303 | D        | Learned a level 1 spell: Confusing Touch
  2307 | D        | Learned a level 3 spell: Gell's Gravitas
  2494 | D        | Noticed a lindwurm
  2497 | D        | Killed a lindwurm
  2509 | D        | Learned a level 4 spell: Petrify
  2515 | D        | Learned a level 5 spell: Metabolic Englaciation
  2521 | D        | Learned a level 5 spell: Yara's Violent Unravelling
  2535 | D        | Reached skill level 26 in Stealth
  2543 | D        | Reached skill level 1 in Transmutations
  2806 | D        | Noticed a 12-headed hydra
  2808 | D        | Killed a 12-headed hydra
  2808 | D        | Reached skill level 15 in Spellcasting
  3136 | D        | Noticed a daeva
  3140 | D        | Noticed an unseen horror
  3140 | D        | Noticed an unseen horror
  3140 | D        | Noticed an unseen horror
  3140 | D        | Noticed an unseen horror
  3143 | D        | Killed an unseen horror
  3144 | D        | Noticed an unseen horror
  3145 | D        | Killed an unseen horror
  3145 | D        | Reached skill level 27 in Stealth
  3146 | D        | Killed an unseen horror
  3148 | D        | Killed an unseen horror
  3148 | D        | Reached XP level 12. HP: 49/49 MP: 32/32
  3194 | D        | Noticed a fire giant
  3198 | D        | Noticed a fire giant
  3199 | D        | Noticed a fire giant
  3200 | D        | Killed a fire giant
  3231 | D        | Killed a fire giant
  3362 | D        | HP: 1/49 [fire giant/fireball (40)]
  3363 | D        | Killed from afar by a fire giant

Vault maps used:
D:        dungeon_sprint_1

Skill      XL: |  1  2  3  4  5  6  7  8  9 10 11 12 |
---------------+-------------------------------------+-----
Stealth        | 6 9 12 14 17 19 22 24 27 | 27.0
Spellcasting   | 3 4 6 7 8 10 11 13 15 17 | 17.2
Hexes          | 5 7 9 11 12 13 14 15 17 | 17.9
Short Blades   | 2 3 4 5 6 7 |  7.9
Dodging        | 4 5 7 9 10 12 | 12.7
Ice Magic      | 1 2 4 |  4.4
Transmutations | 1 |  1.8

Action                   |  1- 3 |  4- 6 |  7- 9 | 10-12 || total
-------------------------+-------+-------+-------+-------++-------
Melee: Dagger            |     5 |     5 |    15 |   136 ||   161
 Cast: Ensorcelled Hiber |       |     2 |     5 |    34 ||    41
       Confuse           |       |       |     1 |    22 ||    23
       Yara's Violent Un |       |       |       |     2 ||     2
  Use: Scroll            |       |       |     2 |     2 ||     4
       Potion            |       |       |     1 |       ||     1
 Stab: Sleeping          |     2 |     4 |     8 |    45 ||    59
       Confused          |       |       |     2 |    14 ||    16
  Eat: Bread ration      |       |       |       |     1 ||     1
Armor: Robe              |     1 |       |       |     8 ||     9
Dodge: Dodged            |     1 |     1 |    15 |    70 ||    87
